 Dungeon Crawl Stone Soup version 0.31-a0-441-g867994ef1c (webtiles) character file.

Game seed: 6042688096858750175

156 Shard1697 the Cudgeller (level 5, -3/37 HPs)
             Began as a Demonspawn Artificer on Aug 2, 2023.
             Was an Initiate of Okawaru.
             Slain by a gnoll
             ... wielding a +0 club
              (5 damage)
             ... on level 3 of the Dungeon.
             The game lasted 00:03:31 (2326 turns).

Shard1697 the Cudgeller (Demonspawn Artificer)      Turns: 2326, Time: 00:03:32

Health: -3/37      AC:  8    Str: 14    XL:     5   Next: 15%
Magic:  5/5        EV: 10    Int: 12    God:    Okawaru [......]
Gold:   148        SH:  0    Dex: 14    Spells: 1/4 levels left

rFire   . . .        a - +2 mace (drain)
rCold   . . .        (no shield)
rNeg    . . .        n - +0 ring mail
rPois   .            (no helmet)
rElec   .            (no cloak)
rCorr   .            (no gloves)
SInv    .            i - +2 pair of boots
Will    .....        (no amulet)
Stlth   +            (no ring)
HPRegen 0.26/turn    (no ring)
MPRegen 0.09/turn

%: no passive effects
@: unable to read
A: big brain 1, demonic touch 2, dopey 1, high MP 1, screaming 1, inability to
read after injury 1
a: Renounce Religion


You were on level 3 of the Dungeon.
You worshipped Okawaru.
Okawaru was noncommittal.
You visited 1 branch of the dungeon, and saw 3 of its levels.

You collected 148 gold pieces.

Inventory:

Hand Weapons
 a - a +2 mace of draining (weapon)
 w - a +0 flail
Armour
 i - a +2 pair of boots (worn)
 n - a +0 ring mail (worn)
Jewellery
 k - a ring of wizardry
Wands
 c - a wand of flame (10) (quivered)
 d - a wand of charming (15)
 e - a wand of iceblast (3)
Scrolls
 f - a scroll of acquirement {unknown}
 g - 6 scrolls of identify {unknown}
 m - a scroll of revelation {unknown}
 o - a scroll of teleportation {unknown}
 p - a scroll of torment {unknown}
 r - a scroll of silence {unknown}
Potions
 b - a potion of cancellation {unknown}
 h - a potion of magic {unknown}
 j - a potion of invisibility {unknown}
 l - a potion of mutation
 q - a potion of degeneration {unknown}
 s - a potion of curing {unknown}
 t - 2 potions of might {unknown}
 u - a potion of haste {unknown}
 v - a potion of heal wounds {unknown}


   Skills:
 - Level 1.0 Fighting
 + Level 4.4 Maces & Flails
 - Level 1.7 Armour
 - Level 0.8 Dodging
 - Level 0.8 Stealth
 - Level 3.0 Evocations


You had one spell level left.
You knew the following spells:

 Your Spells              Type           Power      Damage    Failure   Level
a - Vhi's Electric Charg  Tloc/Air       0%         N/A       89%         3

Your spell library contained the following spells:

 Spells                   Type           Power      Damage    Failure   Level
 Arcjolt                  Conj/Air       0%         1d10      100%        5
 Maxwell's Capacitive Co  Air            0%         ∞         100%        8


Dungeon Overview and Level Annotations

Branches:
Dungeon (3/15)

Altars:
Ashenzari
Okawaru


Innate Abilities, Weirdness & Mutations

You have an unusually large brain. (Int +2)
Your touch may inflict irresistible damage on your foes.
You are dopey. (Int -2)
You have an increased reservoir of magic. (+10% MP)
You occasionally shout uncontrollably at your foes.
You occasionally lose the ability to read scrolls when taking damage.


Message History

Aiming: Throw Flame
Press: ? - help, Shift-Dir - straight line, f/p - gnoll
Aim: a gnoll, wielding a +0 spear (heavily wounded, 75% to hit)
The puff of flame hits the gnoll.
The gnoll is severely wounded.
A gnoll comes into view. It is wielding a +0 club.
The gnoll barely misses you.
The gnoll hits you from afar with a +0 spear.
The goblin shouts!
The gnoll shouts!
You hear a shout!
A goblin comes into view. It is wielding a +0 club.
The gnoll hits you but does no damage.
Things that are here:
a +0 spear; a gnoll corpse You sock the gnoll!
You kill the gnoll!
Okawaru accepts your kill.
You barely miss the gnoll. The gnoll hits you with a +0 spear.
The gnoll hits you with a +0 club.
You hit the gnoll.
The gnoll is heavily wounded.
The gnoll hits you with a +0 spear. The goblin barely misses you.
The gnoll hits you with a +0 club.
You barely miss the gnoll.
The gnoll is heavily wounded.
The gnoll hits you with a +0 spear. The gnoll barely misses you.
The goblin hits you but does no damage. The gnoll attacks as you move away!
The gnoll hits you with a +0 spear! The gnoll hits you but does no damage.
The gnoll hits you with a +0 club!
* * * LOW HITPOINT WARNING * * *
Things that are here:
a +0 spear; a gnoll corpse It was a potion of mutation.
You feel extremely strange.
You feel the urge to shout.
You occasionally lose the ability to read scrolls when taking damage.
You feel stupid.
You feel more energetic.
The gnoll hits you from afar with a +0 spear.
* * * LOW HITPOINT WARNING * * *
The gnoll hits you with a +0 club.
You feel threatened and lose the ability to read scrolls!
You die...

###### ###....###
##..)g....# ###....@gg#..
###+##+###...#####.....#
...........###...###.....
..........##.#._.#g##....
..........#..#:..#..#....
.........##..##+##..##...
.........#...... ...#...
.........#....... ##.#...
............#...#


You could see 2 gnolls and 2 goblins.

Vanquished Creatures
  A gnoll bouda (D:3)
  5 gnolls (D:3)
  An adder (D:2)
  4 dart slugs
  6 ball pythons
  6 bats
  5 endoplasms
  3 giant cockroaches (D:1)
  5 goblins
  6 hobgoblins
  3 quokkas
  5 frilled lizards
  6 kobolds
  6 rats
62 creatures vanquished.

Notes
Turn   | Place    | Note
-------+----------+-------------------------------------------
     0 | D:1      | Shard1697 the Demonspawn Artificer began the quest for the
                  | Orb.
     0 | D:1      | Reached XP level 1. HP: 15/15 MP: 1/1
   343 | D:1      | Reached skill level 1 in Maces & Flails
   411 | D:1      | Gained mutation: Your touch may inflict minor irresistible
                  | damage on your foes. [demonic ancestry]
   411 | D:1      | Reached XP level 2. HP: 13/21 MP: 2/2
   652 | D:1      | Reached skill level 2 in Maces & Flails
   986 | D:2      | Reached XP level 3. HP: 26/26 MP: 3/3
  1223 | D:2      | Reached skill level 3 in Maces & Flails
  1458 | D:2      | Gained mutation: You have an unusually large brain. (Int
                  | +2) [demonic ancestry]
  1458 | D:2      | Reached XP level 4. HP: 32/32 MP: 4/4
  1472 | D:2      | Learned a level 3 spell: Vhi's Electric Charge
  1999 | D:3      | Found a faded altar of an unknown god.
  2070 | D:3      | Found an iron altar of Okawaru.
  2077 | D:3      | Became a worshipper of Warmaster Okawaru
  2195 | D:3      | Reached skill level 4 in Maces & Flails
  2297 | D:3      | Found a broken altar of Ashenzari.
  2308 | D:3      | Gained mutation: Your touch may inflict irresistible damage
                  | on your foes. [demonic ancestry]
  2308 | D:3      | Reached XP level 5. HP: 37/37 MP: 5/5
  2326 | D:3      | Gained mutation: You occasionally shout uncontrollably at
                  | your foes. [potion of mutation]
  2326 | D:3      | Gained mutation: You occasionally lose the ability to read
                  | scrolls when taking damage. [potion of mutation]
  2326 | D:3      | Gained mutation: You are dopey. (Int -2) [potion of
                  | mutation]
  2326 | D:3      | Gained mutation: You have an increased reservoir of magic.
                  | (+10% MP) [potion of mutation]
  2326 | D:3      | Slain by a gnoll

Illustrated notes

Levels and vault maps discovered:
D:1:      tarquinn_simple_flora_water_d, layout_loops_corners
D:2:      layout_basic
D:3:      layout_basic, nicolae_ashenzari_skybound,
          nicolae_overflow_crystal_walls, shapermc_ecumenical_altar_pompeii

Skill      XL: |  1  2  3  4 |
---------------+-------------+-----
Maces & Flails | 1 2 3 4 |  4.4
Fighting       | |  1.0
Armour         | |  1.7
Dodging        | |  0.8
Stealth        | |  0.8
Evocations     | |  3.0

Action                     |  1- 3 |  4- 6 || total
---------------------------+-------+-------++-------
  Melee: Club              |    75 |       ||    75
         Punch             |     2 |       ||     2
         Whip              |    84 |     3 ||    87
         Touch             |    21 |     3 ||    24
         Mace              |       |    20 ||    20
  Evoke: Wand              |       |     7 ||     7
    Use: Potion            |       |     1 ||     1
   Stab: Sleeping          |     3 |       ||     3
 Armour: Leather armour    |    58 |       ||    58
         Ring mail         |    22 |     4 ||    26
  Dodge: Dodged            |    86 |    12 ||    98

Table legend: (Time is in decaauts)
 A = Elapsed time spent in this place.
 B = Non-inter-level travel time spent in this place.
 C = Inter-level travel time spent in this place.
 D = Time resting spent in this place.
 E = Time spent auto-exploring this place.
 F = Levels seen in this place.
 G = Mean time per level.
                   A        B        C        D        E       F      G
               +--------+--------+--------+--------+--------+-----+--------+
         Total |   2345 |   2221 |    124 |     44 |   1678 |   3 |  781.7 |
       Dungeon |   2345 |   2221 |    124 |     44 |   1678 |   3 |  781.7 |
               +--------+--------+--------+--------+--------+-----+--------+

Top non-repeatable levels by time:
     D:1: 997 daAuts
     D:2: 992 daAuts
     D:3: 355 daAuts
